Map: Abyssal Reef LE

Players

Rob

  • Race: Protoss Protoss
  • League: Grandmaster
  • Spawn Location: 5:00

Jason - Winner!

  • Race: Terran Terran
  • League: Grandmaster
  • Spawn Location: 11:00

VOD

Have the link to the VOD?

Description

Time

  • Played on: May 13, 2019, 7:02 p.m.
  • Length: 10:51
Show
View Real Time Build Order
Export as new Build Order

Rob Protoss 

Build Orders: 1 Gate Expand, Oracle Opening, Chargelot Immortal 

Get SALT Encoding   

  12  0:00  Probe  
  13  0:12  Probe  
  14  0:17  Pylon  
  14  0:24  Probe  
  15  0:32  Probe  
  15  0:36  Gateway  
  15  0:40  Probe  
  16  0:46  Assimilator  
  17  0:51  Probe  
  18  1:03  Probe  
  19  1:15  Probe  
  20  1:23  Cybernetics Core  
  20  1:35  Nexus  
  20  1:41  Pylon  
  20  1:45  Probe  
  21  1:49  Adept  
  21  1:51  Assimilator  
  23  2:04  Probe  
  24  2:15  Warp Gate  
  23  2:16  Probe  
  23  2:19  Stalker  
  26  2:28  Probe  
  27  2:39  Stargate  
  27  2:40  Probe  
  28  2:49  Probe  
  29  2:53  Probe  
  30  3:02  Probe  
  30  3:05  Probe  
  32  3:13  Oracle, Gateway  
  32  3:15  Probe, Gateway  
  32  3:17  Probe  
  37  3:27  Probe  
  37  3:29  Probe  
  37  3:33  Gateway  
  39  3:39  Probe  
  40  3:41  Stalker  
  40  3:44  Oracle, Probe  
  43  3:51  Probe  
  45  3:59  Probe  
  45  4:03  Probe  
  45  4:07  Pylon  
  46  4:14  Pylon  
  46  4:23  Probe  
  46  4:25  Phoenix, Probe  
  51  4:37  Probe x2  
  51  4:38  Zealot x3, Robotics Facility  
  55  4:41  Zealot  
  55  4:44  Pylon  
  57  4:49  Probe x2  
  59  4:54  Phoenix  
  59  4:56  Assimilator  
  59  4:58  Pylon  
  59  4:59  Assimilator  
  61  5:09  Probe x2  
  63  5:17  Immortal  
  63  5:21  Probe x2  
  63  5:24  Phoenix  
  71  5:29  Pylon  
  71  5:33  Probe  
  72  5:35  Shield Battery  
  72  5:38  Pylon  
  72  5:39  Probe  
  73  5:50  Pylon  
  73  5:56  Phoenix, Immortal  
  77  6:09  Twilight Council  
  79  6:15  Zealot x4  
  87  6:20  Phoenix  
  87  6:23  Pylon  
  89  6:27  Forge  
  89  6:29  Immortal  
  89  6:31  Forge  
  93  7:00  Nexus  
  88  7:11  Protoss Ground Weapons Level 1  
  88  7:12  Protoss Ground Armor Level 1, Probe x2  
  88  7:14  Immortal  
  90  7:16  Templar Archives  
  90  7:17  Assimilator  
  90  7:20  Charge  
  90  7:21  Assimilator  
  90  7:23  Pylon  
  90  7:26  Probe  
  90  7:27  Probe  
  96  7:38  Probe  
  96  7:40  Pylon  
  97  7:45  Probe  
  97  7:50  Probe  
  99  7:52  Phoenix  
  99  7:58  Immortal  
  101  8:02  Probe  
  106  8:11  Probe  
  106  8:12  Robotics Bay  
  107  8:14  Robotics Facility  
  107  8:15  Probe  
  108  8:22  Probe  
  108  8:23  Probe  
  108  8:26  Pylon  
  109  8:27  Probe  
  109  8:31  Zealot  
  109  8:32  Zealot, High Templar x2  
  109  8:34  Probe  
  118  9:00  Zealot x2  
  132  9:11  Zealot x2  
  132  9:16  Gateway  
  136  9:18  Gateway x2  
  136  9:19  Archon  
  136  9:22  High Templar x2  
  140  9:25  Gateway  
  140  9:38  Nexus  
  140  9:43  Pylon  
  140  9:44  Immortal  
  140  9:45  Immortal  
  134  9:46  High Templar x2  
  132  10:03  Probe x3  
  131  10:10  Archon  
  131  10:11  High Templar x2, Archon  
  131  10:12  Zealot x2  
  131  10:13  Zealot  
  141  10:15  Pylon  
  141  10:16  Pylon  
  141  10:17  Pylon  
  141  10:20  Pylon  
  139  10:28  Zealot x3  
  123  10:40  Zealot x3  
  123  10:43  Archon  
  123  10:48  Stalker x2  
Show
View Real Time Build Order
Export as new Build Order

Jason Terran - Winner!

Build Orders: Gas First Reaper Expand 

Get SALT Encoding   

  12  0:00  SCV  
  13  0:13  SCV  
  14  0:18  Supply Depot  
  14  0:25  SCV  
  15  0:30  Refinery  
  15  0:39  SCV  
  16  0:45  Barracks  
  16  0:51  SCV  
  17  1:03  SCV  
  18  1:15  SCV  
  19  1:33  Reaper, Orbital Command  
  20  1:49  Command Center  
  20  1:58  SCV  
  21  2:05  Factory  
  21  2:10  Barracks Reactor  
  21  2:13  SCV  
  22  2:17  Supply Depot  
  22  2:24  Refinery  
  22  2:25  SCV  
  23  2:39  SCV  
  24  2:51  SCV  
  24  2:54  Barracks Tech Lab  
  24  2:55  Hellion x2, Starport  
  29  3:02  Orbital Command  
  29  3:07  SCV  
  29  3:16  Supply Depot  
  29  3:19  Marine x2  
  31  3:25  Cyclone  
  34  3:28  SCV  
  34  3:30  SCV  
  36  3:39  Viking, Marine  
  39  3:43  Marine  
  39  3:46  SCV  
  39  3:48  SCV  
  42  3:57  Marine  
  42  3:58  SCV  
  42  4:01  Siege Tank, Marine  
  42  4:02  SCV  
  45  4:11  SCV  
  45  4:12  Supply Depot  
  45  4:14  SCV  
  45  4:15  Marine  
  48  4:18  Marine  
  49  4:29  Command Center  
  49  4:32  SCV x2  
  49  4:33  Marine  
  49  4:37  Siege Tank  
  55  4:41  Viking  
  55  4:44  SCV  
  55  4:45  SCV  
  59  4:47  Supply Depot  
  59  4:53  Marine x2  
  59  4:56  SCV  
  62  5:02  Supply Depot  
  62  5:09  SCV x2, Barracks  
  62  5:10  Barracks  
  64  5:18  Refinery  
  64  5:19  Factory Reactor  
  64  5:21  SCV, Engineering Bay  
  64  5:22  SCV  
  64  5:24  Supply Depot  
  64  5:27  Starport Reactor  
  66  5:29  Stimpack  
  66  5:31  Marauder  
  66  5:34  SCV x2  
  70  5:45  Barracks  
  70  5:48  Terran Infantry Weapons Level 1, Missile Turret  
  70  5:49  SCV x2  
  72  5:53  Orbital Command, Marine  
  73  6:00  Refinery  
  73  6:01  SCV  
  73  6:03  Barracks Tech Lab  
  78  6:04  Widow Mine x2  
  78  6:05  SCV  
  78  6:10  Barracks  
  79  6:13  SCV  
  79  6:16  Barracks  
  79  6:17  SCV  
  81  6:20  SCV, Missile Turret  
  81  6:21  Marine  
  81  6:25  SCV  
  84  6:27  Marauder, Missile Turret  
  84  6:29  Marauder  
  84  6:30  SCV  
  84  6:32  SCV  
  90  6:34  Combat Shield, Marine  
  90  6:39  SCV  
  92  6:41  Marine  
  92  6:42  SCV  
  92  6:43  Orbital Command  
  94  6:48  Marine  
  95  6:58  Barracks Tech Lab  
  95  7:00  SCV  
  95  7:01  Marine x2  
  96  7:05  SCV  
  96  7:08  SCV  
  100  7:12  SCV  
  100  7:15  Starport, Supply Depot  
  101  7:16  Supply Depot  
  101  7:21  SCV x2  
  101  7:22  Marauder x3  
  109  7:26  Refinery  
  109  7:27  Refinery  
  109  7:28  Supply Depot  
  109  7:36  SCV x2, Medivac x2, Marine x2  
  117  7:39  Sensor Tower  
  117  7:41  SCV  
  118  7:44  Supply Depot  
  118  7:47  Supply Depot  
  118  7:48  Marauder, SCV  
  118  7:50  SCV  
  121  7:52  Medivac x2  
  121  7:53  Marauder x2  
  121  7:54  SCV  
  121  7:58  Terran Infantry Armor Level 1  
  129  8:01  SCV, Marine x2  
  129  8:02  Barracks Tech Lab  
  129  8:04  SCV  
  133  8:09  Viking, Supply Depot  
  133  8:10  Supply Depot  
  133  8:12  Viking  
  137  8:16  SCV  
  137  8:17  SCV  
  139  8:22  Viking  
  139  8:23  Viking  
  143  8:30  Marine  
  143  8:31  Marauder  
  146  8:35  Command Center  
  146  8:40  Ghost Academy  
  147  8:45  Marine  
  147  8:46  Marauder x2, Marine  
  147  8:47  SCV  
  156  8:49  SCV  
  156  8:51  SCV  
  159  9:04  Marauder x2  
  159  9:08  Liberator  
  159  9:09  Ghost Academy  
  157  9:12  Marine x2  
  157  9:13  Ghost  
  157  9:14  Marauder  
  163  9:22  SCV x2  
  163  9:23  Liberator x2  
  165  9:24  Ghost  
  165  9:25  Ghost  
  172  9:33  Barracks  
  172  9:34  Barracks  
  172  9:35  Barracks  
  172  9:39  Ghost  
  172  9:40  Supply Depot x2  
  172  9:43  SCV  
  180  9:46  Ghost  
  180  9:47  Missile Turret  
  179  9:56  SCV x3  
  179  9:58  Ghost  
  179  9:59  Ghost  
  182  10:05  SCV  
  183  10:08  SCV  
  183  10:10  SCV  
  183  10:11  SCV  
  186  10:17  Ghost  
  186  10:22  Ghost  
  186  10:31  Engineering Bay  
  186  10:32  Marine  
  186  10:33  Armory  
  183  10:37  SCV  
Tags
 
Add a new tag
Caveats
  • Supply blocks, unpowered buildings, or Contaminate may cause inaccurate times.
  • Supply counts are checked every 10 seconds.